 Dungeon Crawl Stone Soup version 0.32-a0-913-g739538afd8 (webtiles) character file.

Game seed: 1400255407784183660

22742 holysushi the Nimble (level 12, -17/78 HPs)
             Began as a Demonspawn Wanderer on Apr 9, 2024.
             Was an Initiate of Gozag.
             Demolished by a skyshark (23 damage)
             ... on level 3 of the Lair of Beasts.
             The game lasted 00:42:25 (20824 turns).

holysushi the Nimble (Demonspawn Wanderer)         Turns: 20824, Time: 00:42:25

Health: -17/78     AC: 10    Str: 11    XL:     12   Next: 65%
Magic:  18/25      EV: 31    Int: 21    God:    Gozag
Gold:   1347       SH:  0    Dex: 11    Spells: 24/30 levels left

rFire   + . .        n - +0 short sword (speed)
rCold   . . .        K - orb {*channel}
rNeg    . . .        S - +2 robe {rF+}
rPois   .            (helmet restricted)
rElec   .            L - +0 cloak
rCorr   .            f - +2 pair of gloves {Stlth+}
SInv    .            M - +0 pair of boots
Will    .....        v - amulet of the acrobat
Stlth   ++           (no ring)
HPRegen 0.33/turn    (no ring)
MPRegen 0.19/turn

%: acrobat, channel magic (20%)
@: about to teleport, acrobatic, studying Unarmed Combat, inugami summoned
A: antennae 2, demonic guardian 3, powered by pain 1, sturdy frame 2
a: Renounce Religion, Potion Petition, Call Merchant, Bribe Branch


You were on level 3 of the Lair of Beasts.
You worshipped Gozag.
Gozag was most pleased with you.
You visited 3 branches of the dungeon, and saw 14 of its levels.
You also visited: Ossuary.

You collected 2408 gold pieces.
You spent 123 gold pieces at shops.
You paid 938 gold pieces to Gozag.

Inventory:

Hand Weapons
 d - a +0 dagger
 n - a +0 short sword of speed (weapon)
Missiles
 J - a throwing net (quivered)
Armour
 c - a +0 ring mail
 f - a +2 pair of gloves of stealth (worn)
 u - a +2 chain mail of fire resistance
 K - an orb of energy (worn)
 L - a +0 cloak (worn)
 M - a +0 pair of boots (worn)
 S - a +2 robe of fire resistance (worn)
Jewellery
 p - an amulet of regeneration
 v - an amulet of the acrobat (around neck)
 H - a ring of fire
 I - a +4 ring of slaying
 T - a ring of poison resistance
Talismans
 w - a flux talisman
Wands
 s - a wand of light (9)
 x - a wand of polymorph (5)
 y - a wand of warping (7)
 z - a wand of flame (13)
 N - a wand of paralysis (9)
Scrolls
 b - 3 scrolls of fog
 e - 4 scrolls of enchant armour
 h - 7 scrolls of teleportation
 j - a scroll of fear {unknown}
 k - 3 scrolls of vulnerability
 m - a scroll of revelation {unknown}
 o - 2 scrolls of silence {unknown}
 t - 2 scrolls of poison {unknown}
 B - a scroll of immolation {unknown}
 D - 2 scrolls of enchant weapon {unknown}
 Q - a scroll of amnesia {unknown}
Potions
 a - a potion of heal wounds
 g - 3 potions of magic
 i - 3 potions of curing
 l - 2 potions of berserk rage
 q - 3 potions of mutation
 r - 3 potions of enlightenment
 A - 2 potions of might
 C - 2 potions of brilliance
 E - 2 potions of degeneration {unknown}
 F - 4 potions of resistance {unknown}
 O - a potion of invisibility {unknown}
 P - a potion of ambrosia {unknown}
 U - a potion of lignification {unknown}


   Skills:
 - Level 2.0 Fighting
 - Level 1.0 Short Blades
 - Level 5.0 Armour
 + Level 13.7 Dodging
 - Level 9.8 Spellcasting
 - Level 10.6 Summonings
 - Level 2.1 Evocations


You had 24 spell levels left.
You knew the following spells:

 Your Spells              Type           Power      Damage    Failure   Level
a - Summon Small Mammal   Summ           100%       N/A       1%          1
b - Call Imp              Summ           100%       N/A       1%          2
c - Call Canine Familiar  Summ           53%        N/A       2%          3

Your spell library contained the following spells:

 Spells                   Type           Power      Damage    Failure   Level
 Apportation              Tloc           20%        N/A       19%         1
 Freeze                   Ice            40%        1d6       19%         1
 Slow                     Hex            40%        N/A       19%         1
 Ensorcelled Hibernation  Hex/Ice        20%        N/A       24%         2
 Jinxbite                 Hex            20%        N/A       24%         2
 Frozen Ramparts          Ice            20%        1d4       41%         3
 Fugue of the Fallen      Necr           10%        N/A       41%         3
 Hailstorm                Conj/Ice       10%        3d6       41%         3
 Inner Flame              Hex/Fire       10%        N/A       41%         3
 Anguish                  Hex/Necr       5%         N/A       75%         4
 Alistair's Intoxication  Alch           6%         N/A       96%         5
 Sculpt Simulacrum        Ice/Alch       5%         N/A       100%        6
 Ozocubu's Refrigeration  Ice            5%         4d8       100%        7
 Polar Vortex             Ice            5%         N/A       100%        9


Dungeon Overview and Level Annotations

Branches:
Dungeon (9/15) Zot: 25545  Temple (1/1) D:6 Zot: 5980    Lair (4/5) D:8 Zot: 17961
 Shoals (0/4) Lair:3       Spider (0/4) Lair:3      Ossuary (visited)
  Slime: Lair:4-5       Orc: D:9-12

Altars:
Ashenzari
Cheibriados
Dithmenos
Fedhas
Gozag
Hepliaklqana
Kikubaaqudgha
Makhleb
Nemelex Xobeh
Okawaru
Qazlal
Ru
Sif Muna
Trog
Uskayaw
Vehumet
Wu Jian
Xom
Yredelemnul

Shops:
D:2 ?   D:3 =   D:5 :   Lair:1 =

Portals:
Abyss: Lair:1

Annotations:
D:8 exclusion: downstairs
Lair:1 2 transporters, Ikimono's ghost, journeyman DgEE


Innate Abilities, Weirdness & Mutations

You have a pair of antennae on your head.
A powerful demonic guardian rushes to your aid.
You sometimes gain a little power by taking damage.
Your movements are less encumbered by armour. (ER -4)


Message History

Confirm with . or Enter, or press ? or * to list all spells.
A tiny devil pulls itself out of the air.
You feel sick.
Your inugami barely misses the water moccasin.
The skyshark bites you.
The skyshark enters a blood-rage!
The skyshark tail-slaps you. x2
Casting: Call Imp (safe; 1% risk of failure)
Confirm with . or Enter, or press ? or * to list all spells.
You feel sick. The skyshark bites you! The skyshark completely misses you.
The skyshark barely misses you.
Your inugami closely misses the water moccasin.
You swap places.
You feel sick.
The skyshark closely misses your cerulean imp.
The skyshark tail-slaps your cerulean imp!
The skyshark barely misses your cerulean imp.
Your cerulean imp closely misses the skyshark.
Your inugami barely misses the water moccasin.
The skyshark bites your cerulean imp.
Your cerulean imp dies!
Your cerulean imp disappears in a puff of smoke!
You swap places.
You feel sick.
Your inugami closely misses the water moccasin.
Your rat bites the skyshark.
As you read the scroll of teleportation, it crumbles to dust.
You feel strangely unstable.
You feel sick.
You are no longer poisoned.
The skyshark closely misses your rat. The skyshark tail-slaps your rat!
Your rat dies!
Your rat's corpse disappears in a puff of smoke!
The skyshark rages.
Your inugami barely misses the water moccasin.
The skyshark bites you!
* * * LOW HITPOINT WARNING * * *
A demonic guardian appears!
The skyshark tail-slaps you but does no damage.
The skyshark tail-slaps you.
* * * LOW HITPOINT WARNING * * *
The skyshark bites you!!
You die...
Your body crumbles into a pile of gold.

#..#
###..#####..#######..#
#..###.#..# #............#
#P.#..#..## #.>.#.P.....##
##.......# ##h####P##P..#
#...##.#.# #.## #####.###
.#.#####.# ##.P# #..P#
##.# ##.# #...# #.P.# ##.#
#P.#####.F###### #.###
##.####...#..##.@3.#.###.#
.........................#
########P##.#.####..#.#.##
######## ########


You could see a skyshark (berserk, ally target), a friendly smoke demon
(summoned) and a friendly inugami (summoned).

Vanquished Creatures
  Jeremiah (D:7)
  A polar bear (D:8)
  A water moccasin (D:9)
  An ice beast (D:8)
  A centaur (D:7)
  A phantom (D:7)
  An elf zombie (Ossuary)
  A bullfrog (D:7)
  2 scorpions
  A wight (D:9)
  A vampire bat (D:6)
  3 electric eels (D:8)
  A human zombie (Ossuary)
  2 iguanas
  An orc wizard (D:4)
  A crocodile zombie (Ossuary)
  A spectral hound (Ossuary)
  A gnoll (D:4)
  4 adders
  2 white imps
  2 ufetubi (D:6)
  3 dart slugs
  3 orcs
  A bat (D:1)
  2 bat skeletons (D:6)
  2 bat zombies (D:6)
  2 endoplasms
  A giant cockroach (D:3)
  5 hobgoblins
  8 kobolds
  A ball python (D:1)
  3 frilled lizards
  A gnoll zombie (Ossuary)
  3 goblins
  A kobold zombie (Ossuary)
  A rat (D:1)
  A spectral jackal (Ossuary)
68 creatures vanquished.

Vanquished Creatures (collateral kills)
  Harold (D:9)
  A boulder beetle (Lair:1)
  2 two-headed ogres
  Pikel (D:8)
  A meliai (Lair:3)
  4 elephants (Lair:2)
  A merfolk siren (Lair:3)
  4 cane toads
  2 black mambas
  A gargoyle (D:7)
  A rime drake (Lair:2)
  6 komodo dragons
  A troll (D:7)
  A hornet (D:8)
  5 polar bears
  Grinder (D:3)
  A wyvern (D:9)
  2 basilisks
  27 yaks
  A steam dragon (D:9)
  3 water moccasins
  Duvessa (D:5)
  A sky beast (D:7)
  2 orc warriors (D:8)
  6 black bears (Lair:1)
  4 ice beasts
  17 wolves
  4 centaurs
  A lemure (D:9)
  A phantom (D:8)
  A kobold brigand (D:8)
  2 elf zombies (Ossuary)
  8 bullfrogs
  A scorpion (D:7)
  16 wights
  Dowan (D:5)
  4 killer bees (Lair:3)
  A howler monkey (D:8)
  2 vampire bats (D:6)
  2 bombardier beetles (D:5)
  9 hounds
  3 human zombies (Ossuary)
  3 orc priests
  A sleepcap (D:5)
  4 iguanas
  Terence (D:2)
  4 orc wizards
  6 hell rats
  A crocodile zombie (Ossuary)
  A spectral hound (Ossuary)
  4 mummies (Ossuary)
  6 gnolls
  12 adders
  2 hound simulacra (Ossuary)
  2 white imps
  A nameless horror (D:3)
  2 ufetubi (D:6)
  A spectral adder (Ossuary)
  3 spectral gnolls (Ossuary)
  4 dart slugs
  A ribbon worm (D:4)
  2 adder simulacra (Ossuary)
  22 orcs
  9 ball pythons
  5 endoplasms
  2 gnoll zombies (Ossuary)
  A goblin (D:1)
  5 hobgoblins
  4 jackals (D:5)
  8 kobolds
  6 bats
  5 frilled lizards
  5 gnoll simulacra (Ossuary)
  2 jackal simulacra (Ossuary)
  5 kobold zombies (Ossuary)
  7 orc zombies (Ossuary)
  2 rats
  3 spectral jackals (Ossuary)
306 creatures vanquished.

Grand Total: 374 creatures vanquished

Notes
Turn   | Place    | Note
-------+----------+-------------------------------------------
     0 | D:1      | holysushi the Demonspawn Wanderer began the quest for the
                  | Orb.
     0 | D:1      | holysushi set off with the following items: a +0 club, a
                  | scroll of fog, a +0 ring mail; and the following spells
                  | available to memorise: Summon Small Mammal, Call Imp, Call
                  | Canine Familiar, Slow, Inner Flame.
     0 | D:1      | Reached XP level 1. HP: 13/13 MP: 4/4
   155 | D:1      | Learned a level 1 spell: Summon Small Mammal
   208 | D:1      | Gained mutation: A weak demonic guardian rushes to your
                  | aid. [demonic ancestry]
   208 | D:1      | Reached XP level 2. HP: 19/19 MP: 6/6
   703 | D:1      | Gained mutation: Your movements are slightly less
                  | encumbered by armour. (ER -2) [demonic ancestry]
   703 | D:1      | Reached XP level 3. HP: 19/24 MP: 4/7
   768 | D:1      | Learned a level 2 spell: Call Imp
  1838 | D:2      | Noticed Terence
  1873 | D:2      | Killed Terence
  1874 | D:2      | Gained mutation: Your movements are less encumbered by
                  | armour. (ER -4) [demonic ancestry]
  1874 | D:2      | Reached XP level 4. HP: 12/30 MP: 0/9
  2061 | D:2      | Found Ziuxzat's Magic Scroll Boutique.
  2070 | D:2      | Bought a scroll of identify for 26 gold pieces
  2070 | D:2      | Bought a scroll of blinking for 97 gold pieces
  2372 | D:3      | Noticed Grinder
  2372 | D:3      | Paralysed by Grinder for 5 turns
  2381 | D:3      | Paralysed by Grinder for 3 turns
  2398 | D:3      | Reached skill level 2 in Dodging
  2465 | D:3      | Learned a level 3 spell: Call Canine Familiar
  2483 | D:3      | Paralysed by Grinder for 5 turns
  2484 | D:3      | Killed Grinder
  2485 | D:3      | Reached skill level 1 in Short Blades
  2485 | D:3      | Reached skill level 3 in Dodging
  2485 | D:3      | Gained mutation: A demonic guardian rushes to your aid.
                  | [demonic ancestry]
  2485 | D:3      | Reached XP level 5. HP: 35/35 MP: 4/11
  2485 | D:3      | Gained mutation: You have a pair of small antennae on your
                  | head. [demonic ancestry]
  2485 | D:3      | Reached XP level 6. HP: 41/41 MP: 4/12
  2490 | D:3      | Found Furipime's Jewellery Shoppe.
  3479 | D:3      | Found a faded altar of an unknown god.
  4248 | D:4      | Gained mutation: A powerful demonic guardian rushes to your
                  | aid. [demonic ancestry]
  4248 | D:4      | Reached XP level 7. HP: 37/46 MP: 2/13
  4483 | D:4      | You fall into a shaft and drop 3 floors!
  4521 | D:7      | Reached skill level 5 in Summonings
  4531 | D:7      | Reached skill level 4 in Dodging
  4666 | D:5      | Entered Level 5 of the Dungeon
  4762 | D:5      | Reached skill level 5 in Spellcasting
  4837 | D:5      | Gained mutation: You have a pair of antennae on your head.
                  | [demonic ancestry]
  4837 | D:5      | Reached XP level 8. HP: 23/52 MP: 11/15
  4848 | D:5      | Found a burning altar of Makhleb.
  4913 | D:5      | Found Irujiawumu's Book Emporium.
  5049 | D:5      | Found a sand-covered staircase.
  5055 | Ossuary  | Entered an ossuary
  5644 | Ossuary  | Reached skill level 5 in Dodging
  6282 | D:5      | Noticed Duvessa
  6306 | D:5      | Noticed Dowan
  6357 | D:5      | Killed Duvessa
  6358 | D:5      | Reached skill level 5 in Armour
  6381 | D:5      | Killed Dowan
  6482 | D:5      | Identified the +1 whip of Gozag, Feeding {venom, Will+++
                  | Str-5 SInv Stlth-}
  6716 | D:6      | Found a basalt altar of Yredelemnul.
  6774 | D:6      | Reached XP level 9. HP: 55/57 MP: 11/18
  6959 | D:6      | Found a staircase to the Ecumenical Temple.
  6995 | Temple   | Entered the Ecumenical Temple
  7005 | Temple   | Became a worshipper of Gozag Ym Sagoz the Greedy
  7055 | D:6      | Found a radiant altar of Vehumet.
  7143 | D:6      | Found a bloodstained altar of Trog.
  7234 | D:6      | Reached skill level 6 in Dodging
  7386 | D:6      | Found an iron altar of Okawaru.
  7756 | D:6      | Found an ancient bone altar of Kikubaaqudgha.
  8884 | D:7      | Found a shimmering altar of Xom.
  8884 | D:7      | Found a shimmering altar of Xom.
  8885 | D:7      | Found a shimmering altar of Xom.
  8885 | D:7      | Found a shimmering altar of Xom.
  8885 | D:7      | Noticed Jeremiah
  8886 | D:7      | Found a shimmering altar of Xom.
  8931 | D:7      | Found a shimmering altar of Xom.
  8931 | D:7      | Found a shimmering altar of Xom.
  8931 | D:7      | Found a shimmering altar of Xom.
  9033 | D:7      | Killed Jeremiah
  9034 | D:7      | Reached skill level 7 in Dodging
  9095 | D:7      | Found a shimmering altar of Xom.
  9096 | D:7      | Found a shimmering altar of Xom.
  9096 | D:7      | Found a shimmering altar of Xom.
  9344 | D:7      | Gained mutation: You sometimes gain a little power by
                  | taking damage. [demonic ancestry]
  9344 | D:7      | Reached XP level 10. HP: 62/63 MP: 12/21
  9892 | D:7      | Noticed a gargoyle
  9957 | D:7      | Killed a gargoyle
 10210 | D:7      | Found a faded altar of an unknown god.
 10211 | D:7      | Found a hazy altar of Hepliaklqana.
 10540 | D:7      | Found a faded altar of an unknown god.
 10541 | D:7      | Found a hazy altar of Hepliaklqana.
 10707 | D:7      | Found a shimmering altar of Xom.
 10707 | D:7      | Found a shimmering altar of Xom.
 10708 | D:7      | Found a shimmering altar of Xom.
 10708 | D:7      | Found a shimmering altar of Xom.
 10710 | D:7      | Found a shimmering altar of Xom.
 10713 | D:7      | Found a shimmering altar of Xom.
 10713 | D:7      | Found a shimmering altar of Xom.
 10713 | D:7      | Found a shimmering altar of Xom.
 10713 | D:7      | Found a shimmering altar of Xom.
 10713 | D:7      | Found a shimmering altar of Xom.
 10713 | D:7      | Found a shimmering altar of Xom.
 11305 | D:8      | Reached skill level 8 in Dodging
 11819 | D:8      | Found a staircase to the Lair.
 11902 | D:8      | Found a stormy altar of Qazlal.
 12218 | D:8      | Noticed a two-headed ogre
 12244 | D:8      | Reached XP level 11. HP: 68/68 MP: 24/24
 12741 | D:8      | Killed a two-headed ogre
 13135 | D:8      | Found a shadowy altar of Dithmenos.
 13267 | D:9      | Noticed Pikel
 13320 | D:8      | Killed Pikel
 13321 | D:8      | Reached skill level 9 in Dodging
 13321 | D:8      | Reached skill level 10 in Summonings
 13469 | D:9      | Paralysed by a hornet for 1 turns
 13472 | D:8      | Paralysed by a hornet for 1 turns
 13474 | D:8      | Paralysed by a hornet for 1 turns
 14221 | D:9      | Noticed a two-headed ogre
 14231 | D:9      | Killed a two-headed ogre
 14231 | D:9      | Noticed Harold
 14256 | D:9      | Killed Harold
 14356 | D:9      | Identified the staff of Demerr {+Blink rF+ Str+3 Fire Ice}
 14356 | D:9      | Identified the ring "Mupn" {Str+6 Int-5 Dex+6}
 14356 | D:9      | Noticed a centaur warrior
 14535 | Lair:1   | Entered Level 1 of the Lair of Beasts
 14623 | Lair:1   | Noticed Ikimono's ghost (journeyman DgEE)
 14624 | Lair:1   | Found a one-way gate to the infinite horrors of the Abyss.
 14624 | Lair:1   | Found a transporter.
 14631 | Lair:1   | Noticed a sun demon
 14675 | Lair:1   | Reached skill level 1 in Fighting
 14872 | Lair:1   | Noticed a white ugly thing
 14877 | Lair:1   | Noticed a brown ugly thing
 14880 | Lair:1   | Found a transporter.
 15179 | Lair:1   | Reached skill level 10 in Dodging
 15765 | Lair:1   | Noticed a boulder beetle
 15843 | Lair:1   | Killed a boulder beetle
 15844 | Lair:1   | Reached skill level 11 in Dodging
 15985 | Lair:1   | Reached XP level 12. HP: 15/78 MP: 21/25
 17054 | Lair:2   | Reached skill level 12 in Dodging
 18755 | Lair:3   | Reached skill level 13 in Dodging
 18788 | Lair:3   | HP: 2/78 [komodo dragon (28)]
 19475 | Lair:3   | Found a hole to the Spider Nest.
 20155 | Lair:3   | Found a staircase to the Shoals.
 20824 | Lair:3   | Demolished by a skyshark

Illustrated notes

Levels and vault maps discovered:
D:1:      minmay_arrival_stair_chambers, layout_loops_cross,
          grunt_decor_junction
D:2:      minmay_chambers_of_ones, layout_loops_corners, serial_shops,
          nicolae_shop_temple_entry_statues_fountains, uniq_terence
D:3:      layout_basic, shapermc_ecumenical_altar_notcrosses, serial_shops,
          shop, kennysheep_flooded_box, minmay_fractal_squares_5, uniq_grinder
D:4:      layout_layer_cave, minmay_manual_mullet
D:5:      layout_rooms, mainiacjoe_overflow_chevrons,
          nicolae_ossuary_entry_plus, serial_shops, nicolae_shop_stone,
          minmay_misc_feat_ornament, grunt_ministairs_4,
          kb_lookout_dungeons_type, moated_statue, st_stairs_10, uniq_duvessa
D:6:      layout_loops_corners, okawaru_gym_becter, kennysheep_vampire_church,
          kennysheep_mini, zin_scriptorium, mainiacjoe_overflow_brackets,
          nicolae_vehumet_altar_sigil, minmay_temple_entry_grid,
          minmay_alternating_orb
D:7:      layout_loops_cross, xom_shifter_show,
          beargit_hepliaklqana_dungeon_heroes, minmay_misc_feat_plants,
          uniq_jeremiah
D:8:      layout_loops_ring, grunt_dithmenos_shadows,
          mainiacjoe_overflow_cross_hatched, erik_lair_island
D:9:      minmay_the_grid_octo_triangle [minmay_the_grid_octo_vomiting_pacman,
          minmay_the_grid_octo_prize_square_snowflake,
          minmay_the_grid_octo_focus], layout_irregular_city,
          nicolae_tso_carved_into_rock, serial_shops,
          nicolae_shop_industrial_runoff, minmay_ruined_shrine, uniq_maurice,
          uniq_harold, uniq_pikel
Temple:   nicolae_temple_ecumenical_triangle
Lair:1:   beast_lair_carwin_large_1, layout_cave_pods,
          gammafunk_ghost_abyssal_escape, serial_bayou_shore_b
Lair:2:   layout_regular_city, serial_forest, infiniplex_forest_lined_ring,
          infiniplex_forest_end_2, infiniplex_forest_lined_2,
          infiniplex_forest_corner_1, infiniplex_forest_clump_medium,
          infiniplex_forest_end_2, infiniplex_forest_lined_1
Lair:3:   layout_small_grid, minmay_shoals_entry_lonely_mermaid,
          hellmonk_spider_entry_not_the_bees
Lair:4:   layout_roguey, slime_entry_1, chequers_serial_rivers_micro_a,
          grunt_forest_large_clearings

Skill      XL: |  1  2  3  4  5  6  7  8  9 10 11 12 |
---------------+-------------------------------------+-----
Armour         | 2 3 5 |  5.0
Dodging        | 3 4 5 7 8 11 13 | 13.7
Evocations     | 2 |  2.1
Short Blades   | 1 |  1.0
Spellcasting   | 4 5 6 7 9 |  9.8
Summonings     | 4 5 6 8 9 10 | 10.6
Fighting       | 2 |  2.0

Action                     |  1- 3 |  4- 6 |  7- 9 | 10-12 || total
---------------------------+-------+-------+-------+-------++-------
  Melee: Unarmed           |    27 |       |       |       ||    27
         Punch             |     1 |       |       |       ||     1
         Dagger            |   101 |       |       |       ||   101
         Short sword       |       |    88 |   395 |   359 ||   842
   Cast: Summon Small Mamm |    42 |    35 |   113 |   239 ||   429
         Call Imp          |    13 |    21 |    58 |   134 ||   226
         Call Canine Famil |       |    15 |    46 |    97 ||   158
 Invoke: Call Merchant     |       |       |       |     1 ||     1
  Evoke: Wand              |       |       |     5 |     6 ||    11
    Use: Scroll            |       |     6 |     3 |     9 ||    18
         Potion            |       |       |     2 |     1 ||     3
   Stab: Sleeping          |     3 |     1 |     5 |       ||     9
         Distracted        |     1 |     1 |     4 |     5 ||    11
 Armour: Ring mail         |   133 |    75 |   264 |   138 ||   610
         Robe              |       |       |       |   318 ||   318
  Dodge: Dodged            |    84 |    65 |   319 |   691 ||  1159

Table legend: (Time is in decaauts)
 A = Elapsed time spent in this place.
 B = Non-inter-level travel time spent in this place.
 C = Inter-level travel time spent in this place.
 D = Time resting spent in this place.
 E = Time spent auto-exploring this place.
 F = Levels seen in this place.
 G = Mean time per level.
                   A        B        C        D        E       F      G
               +--------+--------+--------+--------+--------+-----+--------+
         Total |  20547 |  20098 |    449 |   4802 |   9092 |  15 | 1369.8 |
       Dungeon |  13716 |  13340 |    376 |   2790 |   6271 |   9 | 1524.0 |
        Temple |     19 |     13 |      6 |      0 |      0 |   1 |   19.0 |
          Lair |   6037 |   5971 |     66 |   1770 |   2782 |   4 | 1509.2 |
       Ossuary |    773 |    773 |      0 |    242 |     39 |   1 |  773.0 |
               +--------+--------+--------+--------+--------+-----+--------+

Top non-repeatable levels by time:
     D:8: 2982 daAuts
     D:7: 2368 daAuts
  Lair:1: 2202 daAuts
     D:6: 2121 daAuts
  Lair:3: 1864 daAuts
  Lair:2: 1791 daAuts
     D:3: 1413 daAuts
     D:2: 1376 daAuts
     D:5: 1124 daAuts
     D:1: 1007 daAuts
 Ossuary: 773 daAuts
     D:4: 662 daAuts
     D:9: 659 daAuts
  Lair:4: 179 daAuts
  Temple: 19 daAuts
